 Dungeon Sprint DCSS version 0.19-a0-1717-gc7c1317 (webtiles) character file.

203 Groucho the Quickloader (level 5, -6/48 HPs)
             Began as a Centaur Hunter on Sept 29, 2016.
             Was a Follower of Okawaru.
             Mangled by an orc warrior
             ... wielding a +0 dire flail
              (17 damage)
             ... in the Dungeon (Sprint VII: "The Pits").
             The game lasted 00:03:13 (383 turns).

Groucho the Quickloader (Centaur Hunter)             Turns: 383, Time: 00:03:13

Health: -6/48      AC: 14    Str: 15    XL:     5   Next: 51%
Magic:  3/5        EV:  7    Int: 10    God:    Okawaru [*.....]
Gold:   0          SH:  0    Dex: 10    Spells: 0 memorised, 4 levels left

rFire  . . .     SeeInvis .     w - +2 trident (pierce)
rCold  . . .     Gourm    .     v - +3 chain mail
rNeg   . . .     Faith    .     (no shield)
rPois  .         Spirit   .     (no helmet)
rElec  .         Dismiss  .     (no cloak)
rCorr  .         Reflect  .     (no gloves)
MR     .....     Harm     .     (no barding)
Stlth  .......... NoTele   +    (no amulet)
                                (no ring)
                                (no ring)

@: heroism, very quick
A: hooves 3, deformed body, speed 2, tough skin 3
a: Heroism, Renounce Religion


You were in the Dungeon.
You worshipped Okawaru.
Okawaru was aware of your devotion.
You were not hungry.

You visited 1 branch

Inventory:

Hand Weapons
 a - a +1 hand crossbow
 b - a +1 mace of crushing
 t - a +2 hand axe
 w - a +2 trident of piercing (weapon)
Missiles
 d - a bolt
 m - 6 stones (quivered)
Armour
 c - a +0 leather armour
 v - a +3 chain mail (worn)
Scrolls
 k - a scroll of blinking
 n - 3 scrolls of remove curse
 o - 5 scrolls of amnesia
 p - a scroll of summoning
Potions
 e - 6 potions of curing
 g - 5 potions of heal wounds
 h - a potion of haste
 i - 4 potions of magic
 j - 3 potions of berserk rage
 l - 2 potions of invisibility
Comestibles
 f - 8 bread rations
 q - 40 fruits
 r - 7 meat rations
 u - 5 chunks of flesh


   Skills:
 + Level 5.4(10.4) Fighting
 * Level 9.3(14.3) Crossbows
 + Level 3.5(8.5) Armour
 + Level 4.0(9.0) Dodging
 - Level 0.5(5.5) Stealth


You had 4 spell levels left.
You didn't know any spells.

Dungeon Overview and Level Annotations

Branches:
Dungeon (1/1)

Altars:
Ashenzari
Cheibriados
Dithmenos
Elyvilon
Fedhas
Gozag
Hepliaklqana
Kikubaaqudgha
Makhleb
Nemelex Xobeh
Okawaru
Qazlal
Ru
Sif Muna
Trog
Uskayaw
Vehumet
Xom
Yredelemnul
Zin
The Shining One
Beogh
Jiyva
Lugonu


Innate Abilities, Weirdness & Mutations

You have hooves in place of feet.
Armour fits poorly on your strangely shaped body.
You cover ground very quickly.
You have extremely tough skin. (AC +3)


Message History

The orc warrior is lightly wounded.
The orc warrior hits you with a dire flail.
You hit the orc warrior but do no damage.
You kick the orc warrior, but do no damage.
The orc warrior is lightly wounded.
The orc warrior barely misses you.
You puncture the orc warrior!
The orc warrior is moderately wounded.
The orc warrior hits you but does no damage.
You hit the orc warrior but do no damage.
Your kick misses the orc warrior.
The orc warrior is moderately wounded.
The orc warrior hits you with a dire flail!
* * * LOW HITPOINT WARNING * * *
You are too injured to fight recklessly!
You are too injured to fight recklessly!
You hit the orc warrior. Your kick misses the orc warrior.
The orc warrior is heavily wounded.
The orc warrior hits you with a dire flail!
You die...

############
#__________#
#__________#
#____#####'#######
######)).#.##.....
#.?|.')).'.##.....
##########.##.....
#.).........'.....
#@#####'#####.....
#o#.....#[.##.....
#s#.....#).#####'#
#g###'###))##.....
#o#.....#))##.....
#(#.....#..##.....
#(####'##'###...<.
#(#........##.....
#(#........##.....


You could see an orc warrior, a scorpion, a gnoll and an orc.

Vanquished Creatures
  A crimson imp (D)
  A hound (D)
  2 orc priests (D)
  An orc wizard (D)
  A worker ant (D)
  An adder (D)
  An ooze (D)
  A leopard gecko (D)
  4 orcs (D)
  2 giant cockroaches (D)
  A bat (D)
  A frilled lizard (D)
  A kobold (D)
18 creatures vanquished.

Notes
Turn   | Place    | Note
-------+----------+-------------------------------------------
     0 | D        | Groucho the Centaur Hunter began the quest for the Orb.
     0 | D        | Reached XP level 1. HP: 17/17 MP: 1/1
    61 | D        | Found a radiant altar of Vehumet.
    61 | D        | Found a hide-covered altar of Uskayaw.
    61 | D        | Found an ancient bone altar of Kikubaaqudgha.
    61 | D        | Found a viscous altar of Jiyva.
    61 | D        | Found a hazy altar of Hepliaklqana.
    71 | D        | Found a bloodstained altar of Trog.
    71 | D        | Found a deep blue altar of Sif Muna.
    71 | D        | Found a sacrificial altar of Ru.
    71 | D        | Found a stormy altar of Qazlal.
    71 | D        | Found an iron altar of Okawaru.
    71 | D        | Found a sparkling altar of Nemelex Xobeh.
    71 | D        | Found an opulent altar of Gozag.
    71 | D        | Found a blossoming altar of Fedhas.
    71 | D        | Found a white marble altar of Elyvilon.
    71 | D        | Found a shadowy altar of Dithmenos.
    71 | D        | Found a snail-covered altar of Cheibriados.
    72 | D        | Found a glowing golden altar of the Shining One.
    72 | D        | Found a glowing silver altar of Zin.
    73 | D        | Found a burning altar of Makhleb.
    73 | D        | Found a basalt altar of Yredelemnul.
    73 | D        | Found a roughly hewn altar of Beogh.
    74 | D        | Found a corrupted altar of Lugonu.
    74 | D        | Found a shimmering altar of Xom.
    74 | D        | Found a shattered altar of Ashenzari.
    79 | D        | Became a worshipper of Warmaster Okawaru
    95 | D        | Noticed a worker ant
   103 | D        | Killed a worker ant
   103 | D        | Reached skill level 5 in Crossbows
   103 | D        | Reached skill level 1 in Armour
   103 | D        | Reached XP level 2. HP: 26/26 MP: 2/2
   125 | D        | Reached skill level 6 in Crossbows
   155 | D        | Reached XP level 3. HP: 31/31 MP: 3/3
   293 | D        | Noticed an orc warrior
   293 | D        | Noticed a scorpion
   313 | D        | Reached skill level 7 in Crossbows
   313 | D        | Reached XP level 4. HP: 36/40 MP: 4/4
   324 | D        | Reached skill level 8 in Crossbows
   324 | D        | Reached XP level 5. HP: 29/47 MP: 5/5
   359 | D        | Reached skill level 5 in Fighting
   367 | D        | Reached * piety under Okawaru
   367 | D        | Reached skill level 9 in Crossbows
   383 | D        | Mangled by an orc warrior

Vault maps used:
D:        pitsprint

Skill      XL: |  1  2  3  4  5 |
---------------+----------------+-----
Fighting       | 3 4 5 |  5.4
Crossbows      | 5 6 7 8 9 |  9.3
Armour         | 1 2 3 |  3.5
Dodging        | 2 3 4 |  4.0
Stealth        | |  0.5

Action                   |  1- 3 |  4- 6 || total
-------------------------+-------+-------++-------
Melee: Trident           |       |     7 ||     7
       Kick              |       |     2 ||     2
 Fire: Hand crossbow     |    23 |    24 ||    47
Throw: Stone             |       |    11 ||    11
Invok: Heroism           |       |     1 ||     1
  Use: Potion            |       |     1 ||     1
Armor: Leather armour    |    12 |       ||    12
       Chain mail        |       |    17 ||    17
Dodge: Dodged            |    21 |    12 ||    33
